 Dungeon Crawl Stone Soup version 0.28-b1-25-g9875b3fc8c (webtiles) character file.

Game seed: 18156069496142231383

179 buriedalive the Firebug (level 5, -1/28 HPs)
             Began as a Deep Elf Fire Elementalist on Feb 1, 2022.
             Slain by an iguana (3 damage)
             ... on level 4 of the Dungeon on Feb 2, 2022.
             The game lasted 00:08:14 (4074 turns).

buriedalive the Firebug (DEFE)                      Turns: 4074, Time: 00:08:14

Health: -1/28      AC:  2    Str:  3 (5)  XL:     5   Next: 33%
Magic:  1/14       EV: 12    Int: 20 (22) God:
Gold:   114        SH:  0    Dex: 14 (15) Spells: 8/14 levels left

rFire   . . .      SeeInvis .   g - +0 short sword (vorpal)
rCold   . . .      Faith    .   (no shield)
rNeg    . . .      Spirit   .   a - +0 robe
rPois   .          Reflect  .   (no helmet)
rElec   .          Harm     .   (no cloak)
rCorr   .          Rampage  .   (no gloves)
Will    .....                   (no boots)
Stlth   ++........              (no amulet)
HPRegen 0.09/turn               (no ring)
MPRegen 0.14/turn               (no ring)

@: brilliant, attractive, hasted, invisible, very quick
A: subdued magic 1
a: no special abilities


You were on level 4 of the Dungeon.
You visited 1 branch of the dungeon, and saw 4 of its levels.

You collected 114 gold pieces.

Inventory:

Hand Weapons
 g - a +0 vorpal short sword (weapon)
Missiles
 i - 44 stones
 l - a throwing net
Armour
 a - a +0 robe (worn)
Scrolls
 h - a scroll of enchant weapon {unknown}
Potions
 b - a potion of invisibility
 d - a potion of flight {unknown}
 e - 2 potions of mutation
 f - a potion of curing


   Skills:
 + Level 2.7 Dodging
 - Level 2.4 Stealth
 - Level 5.0 Spellcasting
 - Level 1.1 Conjurations
 + Level 5.6 Fire Magic


You had 8 spell levels left.
You knew the following spells:

 Your Spells              Type           Power      Damage    Failure   Level
a - Foxfire               Conj/Fire      84%        2x1d8     2%          1
b - Scorch                Fire           64%        2d8       1%          2
c - Conjure Flame         Conj/Fire      21%        6-21      7%          3

Your spell library contained the following spells:

 Spells                   Type           Power      Damage    Failure   Level
 Inner Flame              Hex/Fire       18%        N/A       9%          3
 Ignite Poison            Fire/Tmut/Pois 14%        N/A       13%         3
 Flame Wave               Conj/Fire      21%        2d7       24%         4
 Mephitic Cloud           Conj/Pois/Air  7%         N/A       26%         3
 Confusing Touch          Hex            5%         N/A       30%         3
 Freezing Cloud           Conj/Ice/Air   3%         6-21      94%         5
 Yara's Violent Unravell  Hex/Tmut       2%         3d3       96%         5
 Enfeeble                 Hex            2%         N/A       100%        7


Dungeon Overview and Level Annotations

Branches:
Dungeon (4/15)
 Temple: D:4-7

Altars:

Annotations:
D:4 Dowan, Duvessa


Innate Abilities, Weirdness & Mutations

Your spells are a little easier to cast, but a little less powerful.


Message History

An endoplasm comes into view.
It was a potion of haste.
You feel yourself speed up.
An iguana comes into view.
The white imp disappears for a moment.
The white imp closely misses you.
It was a potion of mutation.
You feel extremely strange.
Your connection to magic feels subdued.
The white imp gestures at you. The puff of frost misses you.
The puff of frost hits the iguana.
It was a potion of curing.
You feel better.
It was a potion of attraction.
You feel attractive to monsters.
The white imp hits you but does no damage.
The endoplasm is attracted toward you. The iguana is attracted toward you.
Casting: Scorch (safe; 1% risk of failure)
Confirm with . or Enter, or press ? or * to list all spells.
You conjure some foxfire!
The endoplasm quivers.
The iguana hisses angrily.
The white imp misses you.
Unknown command.
You closely miss the white imp.
The white imp is moderately wounded.
The foxfire hits the iguana.
The iguana is heavily wounded.
The white imp hits you. The white imp freezes you.
The iguana is attracted toward you.
You hit the white imp but do no damage.
The white imp is moderately wounded.
The iguana bites you but does no damage.
It was a potion of degeneration.
There was something very wrong with that liquid.
You feel weakened.
You feel dopey.
You feel clumsy. The white imp gestures at you. The puff of frost hits you!
* * * LOW HITPOINT WARNING * * *
It was a potion of brilliance.
You feel clever all of a sudden. The iguana bites you.
You die...

### #.. #.#
#.#
#########.###
.......S..†5#
.......##.#5#
.#####. #h#@#
). ..#l#
...#..#.#
S.h##..#.#
?8S# #.....
..$. #.##..
#.. ##.$


You could see an iguana, a white imp and an ufetubus.

Vanquished Creatures
  A hound (D:4)
  Natasha (D:3)
  4 adders
  A worm (D:2)
  A dart slug (D:1)
  9 orcs (D:3)
  8 ball pythons
  7 bats
  5 endoplasms
  4 giant cockroaches
  6 goblins
  3 hobgoblins
  4 jackals (D:3)
  5 quokkas
  4 frilled lizards
  2 kobolds
  5 rats
70 creatures vanquished.

Vanquished Creatures (others)
  18 foxfires
18 creatures vanquished.

Grand Total: 88 creatures vanquished

Notes
Turn   | Place    | Note
-------+----------+-------------------------------------------
     0 | D:1      | buriedalive the Deep Elf Fire Elementalist began the quest
                  | for the Orb.
     0 | D:1      | Reached XP level 1. HP: 10/10 MP: 6/6
   383 | D:1      | Reached XP level 2. HP: 15/15 MP: 6/8
   403 | D:1      | Learned a level 2 spell: Scorch
  1155 | D:2      | Reached XP level 3. HP: 19/19 MP: 3/10
  1215 | D:2      | Learned a level 3 spell: Conjure Flame
  1437 | D:2      | You fall into a shaft and drop 1 floor!
  1759 | D:3      | Found a faded altar of an unknown god.
  2447 | D:2      | Reached XP level 4. HP: 24/24 MP: 7/12
  3120 | D:3      | Noticed Natasha
  3125 | D:3      | Killed Natasha
  3126 | D:3      | Reached skill level 5 in Fire Magic
  3892 | D:3      | Reached XP level 5. HP: 28/28 MP: 10/14
  4035 | D:4      | Noticed Duvessa
  4035 | D:4      | Noticed Dowan
  4036 | D:4      | Noticed an ogre
  4047 | D:4      | Reached skill level 5 in Spellcasting
  4067 | D:4      | Gained mutation: Your spells are a little easier to cast,
                  | but a little less powerful. [potion of mutation]
  4074 | D:4      | Slain by an iguana

Illustrated notes

Levels and vault maps discovered:
D:1:      giann_forest_graveyard, layout_loops_ring, minmay_misc_feat_five
D:2:      kennysheep_big_flooded_room, layout_basic,
          chequers_serial_rivers_small_b
D:3:      layout_loops_ring, hellmonk_ecumenical_altar_dog_temple, uniq_natasha
D:4:      layout_loops_ring, ebering_ghost_reflecting_pool, serial_bayou_pond_e,
          minmay_circle_x, uniq_duvessa, uniq_pikel, uniq_crazy_yiuf_cottage

Skill      XL: |  1  2  3  4  5 |
---------------+----------------+-----
Fire Magic     | 4 5 |  5.6
Spellcasting   | 4 5 |  5.0
Dodging        | |  2.7
Stealth        | |  2.4
Conjurations   | |  1.1

Action                   |  1- 3 |  4- 6 || total
-------------------------+-------+-------++-------
Melee: Unarmed           |     9 |       ||     9
       Short sword       |     5 |    19 ||    24
       Punch             |       |     1 ||     1
 Cast: Foxfire           |    15 |     5 ||    20
       Scorch            |    41 |    31 ||    72
  Use: Scroll            |     4 |       ||     4
       Potion            |       |     7 ||     7
 Stab: Sleeping          |     1 |       ||     1
Armor: Robe              |     7 |     5 ||    12
Dodge: Dodged            |    16 |    32 ||    48
